TOP OF THE 1ST |
Albuquerque Isotopes batting - Pitching for Iowa Cubs : RHP Ryohei Uda
|
Pitching: RHP Ryohei Uda
|
|
Batting: RHB Joe LaDue
|
0-0: Swinging Strike 0-1: Foul Ball, location: 2F 0-2: Strikes out looking
|
Batting: LHB Gabe Harvey
|
0-0: Foul Ball, location: 2F 0-1: SINGLE (Groundball, 56D, EV 100.0 MPH)
|
Batting: SHB Jamel Wright
|
0-0: Grounds into double play, 6-4-3 (Groundball, 6, EV 103.1 MPH)
|
Top of the 1st over - 0 runs, 1 hit, 0 errors, 0 left on base; Albuquerque 0 - Iowa 0 |
BOTTOM OF THE 1ST |
Iowa Cubs batting - Pitching for Albuquerque Isotopes : RHP Jose Avila
|
Pitching: RHP Jose Avila
|
|
Batting: SHB Seung-ho Zhang
|
0-0: Ball 1-0: Called Strike 1-1: Ball 2-1: Ball 3-1: Foul Ball, location: 2F 3-2: Foul Ball, location: 2F 3-2: Base on Balls
|
Batting: LHB Barend van der Kamp
|
0-0: Ball Seung-ho Zhang steals 2nd, throwing error, E2 Seung-ho Zhang to third 1-0: Called Strike 1-1: Called Strike 1-2: Strikes out looking
|
Batting: RHB Francisco Ramirez
|
0-0: Ball 1-0: Foul Ball, location: 2F 1-1: Foul Ball, location: 2F 1-2: Ball 2-2: Fly out, F8 (Flyball, 89M, EV 89.4 MPH) Runner from 3rd tags up, SCORES, throw by CF
|
Batting: RHB Lupe Covarrubias
|
0-0: Ball 1-0: Ground out 2-3 (Groundball, 2L, EV 69.4 MPH)
|
Bottom of the 1st over - 1 run, 0 hits, 1 error, 0 left on base; Albuquerque 0 - Iowa 1 |
TOP OF THE 2ND |
Albuquerque Isotopes batting - Pitching for Iowa Cubs : RHP Ryohei Uda
|
Batting: LHB Chad Persaud
|
0-0: Called Strike 0-1: Called Strike 0-2: Strikes out swinging
|
Batting: RHB Eddie McCoy
|
0-0: Foul Ball, location: 2F 0-1: Ground out 4-3 (Groundball, 4MD, EV 86.9 MPH)
|
Batting: LHB Pablo Cardona
|
0-0: Ball 1-0: Called Strike 1-1: Ball 2-1: Fly out, F8 (Line Drive, 8LM, EV 88.8 MPH)
|
Top of the 2nd over - 0 runs, 0 hits, 0 errors, 0 left on base; Albuquerque 0 - Iowa 1 |
BOTTOM OF THE 2ND |
Iowa Cubs batting - Pitching for Albuquerque Isotopes : RHP Jose Avila
|
Batting: LHB Mark Ingram
|
0-0: Called Strike 0-1: Called Strike 0-2: Ground out 1-3 (Groundball, 13, EV 75.6 MPH)
|
Batting: RHB Jose Balderrama
|
0-0: Swinging Strike 0-1: Ball 1-1: Ball 2-1: Ball 3-1: Called Strike 3-2: Base on Balls
|
Batting: RHB Pat Barton
|
0-0: Ball 1-0: Ball 2-0: Swinging Strike 2-1: Called Strike 2-2: Strikes out swinging
|
Batting: RHB Adam Kelliher
|
0-0: Ball 1-0: Ball Jose Balderrama steals 2nd base 2-0: Swinging Strike 2-1: Fly out, F9 (Flyball, 9S, EV 91.9 MPH)
|
Bottom of the 2nd over - 0 runs, 0 hits, 0 errors, 1 left on base; Albuquerque 0 - Iowa 1 |
TOP OF THE 3RD |
Albuquerque Isotopes batting - Pitching for Iowa Cubs : RHP Ryohei Uda
|
Batting: RHB Mike Ball
|
0-0: Swinging Strike 0-1: Foul Ball, location: 2F 0-2: Ground out 5-3 (Groundball, 56, EV 91.9 MPH)
|
Batting: RHB Bobby Heagle
|
0-0: Ball 1-0: Ball 2-0: Called Strike 2-1: Foul Ball, location: 2F 2-2: Strikes out swinging
|
Batting: SHB Mitchell Greene
|
0-0: Ball 1-0: Called Strike 1-1: Ball 2-1: Foul Ball, location: 2F 2-2: Foul Ball, location: 2F 2-2: Ball 3-2: Foul Ball, location: 2F 3-2: Base on Balls
|
Batting: RHB Joe LaDue
|
0-0: Ball 1-0: Called Strike Mitchell Greene steals 2nd base 1-1: Called Strike 1-2: Ball 2-2: Ball 3-2: Foul Ball, location: 2F 3-2: Fly out, F8 (Flyball, 8LS, EV 73.8 MPH)
|
Top of the 3rd over - 0 runs, 0 hits, 0 errors, 1 left on base; Albuquerque 0 - Iowa 1 |
BOTTOM OF THE 3RD |
Iowa Cubs batting - Pitching for Albuquerque Isotopes : RHP Jose Avila
|
Batting: RHB Khalil Stephens
|
0-0: Swinging Strike 0-1: Ball 1-1: TRIPLE (Line Drive, 89XD, EV 105.0 MPH)
|
Batting: SHB Seung-ho Zhang
|
0-0: Ball 1-0: Ball 2-0: Called Strike 2-1: Ground out 4-3 (Groundball, 4, EV 87.5 MPH) Khalil Stephens scores
|
Batting: LHB Barend van der Kamp
|
0-0: Ball 1-0: Swinging Strike 1-1: Ball 2-1: Ball 3-1: Base on Balls
|
Batting: RHB Francisco Ramirez
|
0-0: Ball 1-0: SINGLE (Line Drive, 34D, EV 96.2 MPH) Barend van der Kamp to second Runner from 2nd tries for 3rd, SAFE, throw by RF made to third
|
Batting: RHB Lupe Covarrubias
|
0-0: Ball 1-0: Fly out, F8 (Flyball, 8LXD, EV 96.9 MPH) Runner from 3rd tags up, SCORES, no throw by CF
|
Batting: LHB Mark Ingram
|
0-0: Ball 1-0: Fielders Choice at 2nd, 6-4 (Groundball, 56, EV 89.4 MPH)
|
Bottom of the 3rd over - 2 runs, 2 hits, 0 errors, 1 left on base; Albuquerque 0 - Iowa 3 |
TOP OF THE 4TH |
Albuquerque Isotopes batting - Pitching for Iowa Cubs : RHP Ryohei Uda
|
Batting: LHB Gabe Harvey
|
0-0: Foul Ball, location: 2F 0-1: SINGLE (Line Drive, 4MD, EV 105.0 MPH)
|
Batting: SHB Jamel Wright
|
0-0: Foul Ball, location: 2F 0-1: Swinging Strike 0-2: Strikes out swinging
|
Batting: LHB Chad Persaud
|
0-0: Fly out, F8 (Flyball, 8LM, EV 90.6 MPH)
|
Batting: RHB Eddie McCoy
|
0-0: Foul Ball, location: 2F 0-1: Ball 1-1: Foul Ball, location: 2F 1-2: Ball 2-2: SINGLE (Groundball, 56D, EV 95.6 MPH) Gabe Harvey to second
|
Batting: LHB Pablo Cardona
|
0-0: Ball 1-0: SINGLE (Groundball, 6MD, EV 99.4 MPH) Gabe Harvey to third Eddie McCoy to second Runner from 3rd tries for Home, SAFE, throw by CF to home
|
Batting: RHB Mike Ball
|
0-0: Ball 1-0: Called Strike 1-1: Foul Ball, location: 2F 1-2: Foul Ball, location: 2F 1-2: Foul Ball, location: 2F 1-2: Ball 2-2: Foul Ball, location: 2F 2-2: Ball 3-2: DOUBLE (Line Drive, 7LS, EV 107.5 MPH) Eddie McCoy scores Pablo Cardona to third Pablo Cardona scores
|
Batting: RHB Bobby Heagle
|
0-0: Ball 1-0: Called Strike 1-1: Called Strike 1-2: Ball 2-2: Fly out, F8 (Flyball, 8RM, EV 83.8 MPH)
|
Top of the 4th over - 3 runs, 4 hits, 0 errors, 1 left on base; Albuquerque 3 - Iowa 3 |
BOTTOM OF THE 4TH |
Iowa Cubs batting - Pitching for Albuquerque Isotopes : RHP Jose Avila
|
Batting: RHB Jose Balderrama
|
0-0: Called Strike 0-1: Ball 1-1: Foul Ball, location: 2F 1-2: DOUBLE (Flyball, 8RXD, EV 106.2 MPH)
|
Batting: RHB Pat Barton
|
0-0: SINGLE (Line Drive, 4MD, EV 98.8 MPH) Jose Balderrama to third
|
Batting: RHB Adam Kelliher
|
0-0: SINGLE (Flyball, 56D, EV 98.1 MPH) Jose Balderrama scores Pat Barton to second
|
Batting: RHB Khalil Stephens
|
0-0: Called Strike 0-1: Foul Ball, location: 2F 0-2: Ball 1-2: Ball 2-2: Strikes out swinging
|
Batting: SHB Seung-ho Zhang
|
0-0: Called Strike 0-1: Ball 1-1: Ball 2-1: Ball 3-1: Foul Ball, location: 2F 3-2: Base on Balls Pat Barton to third Adam Kelliher to second
|
Batting: LHB Barend van der Kamp
|
0-0: Ball 1-0: Swinging Strike 1-1: Called Strike 1-2: Ball 2-2: Ball 3-2: Foul Ball, location: 2F 3-2: Foul Ball, location: 2F 3-2: Foul Ball, location: 2F 3-2: TRIPLE (Flyball, 89XD, EV 98.8 MPH) Pat Barton scores Adam Kelliher scores Seung-ho Zhang scores
|
Pitching: RHP Justin Judson
|
|
Batting: RHB Francisco Ramirez
|
0-0: Foul Ball, location: 2F 0-1: Foul Ball, location: 2F 0-2: Strikes out looking
|
Batting: RHB Lupe Covarrubias
|
0-0: Ball 1-0: Ball 2-0: Ball 3-0: Base on Balls
|
Batting: LHB Mark Ingram
|
0-0: Called Strike 0-1: SINGLE (Groundball, 34D, EV 103.1 MPH) Barend van der Kamp scores Lupe Covarrubias to second Runner from 2nd tries for 3rd, OUT! 9-5
|
Bottom of the 4th over - 5 runs, 5 hits, 0 errors, 1 left on base; Albuquerque 3 - Iowa 8 |
TOP OF THE 5TH |
Albuquerque Isotopes batting - Pitching for Iowa Cubs : RHP Ryohei Uda
|
Batting: SHB Mitchell Greene
|
0-0: Called Strike 0-1: Called Strike 0-2: Strikes out looking
|
Batting: RHB Joe LaDue
|
0-0: Called Strike 0-1: Ball 1-1: SINGLE (Groundball, 4, EV 98.8 MPH)
|
Batting: LHB Gabe Harvey
|
0-0: Fly out, F8 (Flyball, 8LD, EV 99.4 MPH)
|
Batting: SHB Jamel Wright
|
0-0: Called Strike Joe LaDue steals 2nd base 0-1: SINGLE (Groundball, 56S, EV 64.4 MPH) (infield hit) Joe LaDue to third
|
Batting: LHB Chad Persaud
|
0-0: Foul Ball, location: 2F 0-1: Called Strike 0-2: Ball 1-2: Ball 2-2: Ball 3-2: Strikes out swinging
|
Top of the 5th over - 0 runs, 2 hits, 0 errors, 2 left on base; Albuquerque 3 - Iowa 8 |
BOTTOM OF THE 5TH |
Iowa Cubs batting - Pitching for Albuquerque Isotopes : RHP Justin Judson
|
Batting: RHB Jose Balderrama
|
0-0: Called Strike 0-1: Fly out, F8 (Flyball, 8RD, EV 92.5 MPH)
|
Batting: RHB Pat Barton
|
0-0: Called Strike 0-1: Ball 1-1: Ball 2-1: Ball 3-1: Base on Balls
|
Batting: RHB Adam Kelliher
|
0-0: Grounds into double play, 5-4-3 (Groundball, 56, EV 84.4 MPH)
|
Bottom of the 5th over - 0 runs, 0 hits, 0 errors, 0 left on base; Albuquerque 3 - Iowa 8 |
TOP OF THE 6TH |
Albuquerque Isotopes batting - Pitching for Iowa Cubs : RHP Ryohei Uda
|
Batting: RHB Eddie McCoy
|
0-0: Ball 1-0: Ball 2-0: Foul Ball, location: 2F 2-1: Swinging Strike 2-2: Fly out, F7 (Flyball, 78S, EV 90.6 MPH)
|
Batting: LHB Pablo Cardona
|
0-0: Ball 1-0: Called Strike 1-1: Foul Ball, location: 2F 1-2: Strikes out swinging
|
Batting: RHB Mike Ball
|
0-0: Ball 1-0: Ball 2-0: SINGLE (Line Drive, 4M, EV 100.0 MPH)
|
Batting: RHB Bobby Heagle
|
0-0: Called Strike Mike Ball steals 2nd base 0-1: Ground out 6-3 (Groundball, 6, EV 101.2 MPH)
|
Top of the 6th over - 0 runs, 1 hit, 0 errors, 1 left on base; Albuquerque 3 - Iowa 8 |
BOTTOM OF THE 6TH |
Iowa Cubs batting - Pitching for Albuquerque Isotopes : RHP Justin Judson
|
Batting: RHB Khalil Stephens
|
0-0: Called Strike 0-1: Ball 1-1: Ball 2-1: Foul Ball, location: 2F 2-2: Ground out 6-3 (Groundball, 6, EV 83.8 MPH)
|
Batting: SHB Seung-ho Zhang
|
0-0: Called Strike 0-1: Ball 1-1: Foul Ball, location: 2F 1-2: Fly out, F9 (Line Drive, 9, EV 94.4 MPH)
|
Batting: LHB Barend van der Kamp
|
0-0: Ball 1-0: Foul Ball, location: 2F 1-1: Ground out U3 (Groundball, 34, EV 89.4 MPH)
|
Bottom of the 6th over - 0 runs, 0 hits, 0 errors, 0 left on base; Albuquerque 3 - Iowa 8 |
TOP OF THE 7TH |
Albuquerque Isotopes batting - Pitching for Iowa Cubs : RHP Ryohei Uda
|
Batting: SHB Mitchell Greene
|
0-0: Ball 1-0: Ground out 6-3 (Groundball, 6MS, EV 69.4 MPH)
|
Batting: RHB Joe LaDue
|
0-0: Foul Ball, location: 2F 0-1: Ball 1-1: Ground out 4-3 (Groundball, 4M, EV 97.5 MPH)
|
Batting: LHB Gabe Harvey
|
0-0: Called Strike 0-1: Called Strike 0-2: Strikes out swinging
|
Top of the 7th over - 0 runs, 0 hits, 0 errors, 0 left on base; Albuquerque 3 - Iowa 8 |
BOTTOM OF THE 7TH |
Iowa Cubs batting - Pitching for Albuquerque Isotopes : RHP Justin Judson
|
Batting: RHB Francisco Ramirez
|
0-0: Ball 1-0: Ball 2-0: Foul Ball, location: 2F 2-1: Ball 3-1: Ground out 6-3 (Groundball, 6, EV 107.5 MPH)
|
Batting: RHB Lupe Covarrubias
|
0-0: Called Strike 0-1: Foul Ball, location: 2F 0-2: Strikes out swinging
|
Batting: LHB Mark Ingram
|
0-0: Called Strike 0-1: Ball 1-1: Ball 2-1: Foul Ball, location: 2F 2-2: Foul Ball, location: 2F 2-2: SOLO HOME RUN (Flyball, 7D, EV 96.2 MPH), Distance : 366 ft
|
Batting: RHB Jose Balderrama
|
0-0: Ball 1-0: Fly out, F3 (Popup, 3SF, EV 73.1 MPH)
|
Bottom of the 7th over - 1 run, 1 hit, 0 errors, 0 left on base; Albuquerque 3 - Iowa 9 |
TOP OF THE 8TH |
Albuquerque Isotopes batting - Pitching for Iowa Cubs : RHP Ryohei Uda
|
Pitching: RHP Eric Allen
|
|
Batting: SHB Jamel Wright
|
0-0: Swinging Strike 0-1: Foul Ball, location: 2F 0-2: Ball 1-2: Ball 2-2: SINGLE (Groundball, 34D, EV 95.0 MPH)
|
Batting: LHB Chad Persaud
|
0-0: Ball Wild Pitch! Jamel Wright to second 1-0: Ball 2-0: Called Strike 2-1: Ball 3-1: Foul Ball, location: 2F 3-2: Base on Balls
|
Batting: RHB Eddie McCoy
|
0-0: Foul Ball, location: 2F 0-1: Ball 1-1: Ball 2-1: Foul Ball, location: 2F 2-2: Foul Ball, location: 2F 2-2: Ball 3-2: Fly out, F3 (Popup, 3SF, EV 81.2 MPH)
|
Batting: LHB Pablo Cardona
|
0-0: Ball 1-0: Called Strike 1-1: Swinging Strike 1-2: Strikes out swinging
|
Batting: RHB Mike Ball
|
0-0: Fielders Choice at 2nd, 5-4 (Groundball, 56, EV 83.1 MPH)
|
Top of the 8th over - 0 runs, 1 hit, 0 errors, 2 left on base; Albuquerque 3 - Iowa 9 |
BOTTOM OF THE 8TH |
Iowa Cubs batting - Pitching for Albuquerque Isotopes : RHP Justin Judson
|
Batting: RHB Pat Barton
|
0-0: Ground out 3-1 (Groundball, 34S, EV 83.1 MPH)
|
Batting: RHB Adam Kelliher
|
0-0: Ball 1-0: Ball 2-0: Ball 3-0: Called Strike 3-1: Called Strike 3-2: Fly out, F5 (Flyball, 5D, EV 90.0 MPH)
|
Batting: RHB Khalil Stephens
|
0-0: Fly out, F7 (Flyball, 7, EV 93.1 MPH)
|
Bottom of the 8th over - 0 runs, 0 hits, 0 errors, 0 left on base; Albuquerque 3 - Iowa 9 |
TOP OF THE 9TH |
Albuquerque Isotopes batting - Pitching for Iowa Cubs : RHP Eric Allen
|
Batting: RHB Bobby Heagle
|
0-0: Called Strike 0-1: Foul Ball, location: 2F 0-2: Foul Ball, location: 2F 0-2: SINGLE (Groundball, 6MD, EV 104.4 MPH)
|
Batting: SHB Mitchell Greene
|
0-0: Called Strike 0-1: Ball 1-1: Swinging Strike 1-2: Ball 2-2: Foul Ball, location: 2F 2-2: Foul Ball, location: 2F 2-2: Foul Ball, location: 2F 2-2: Fielders Choice at 2nd, 4-6 (Groundball, 4, EV 83.1 MPH)
|
Batting: RHB Joe LaDue
|
0-0: Called Strike 0-1: Ball 1-1: Ball 2-1: Called Strike 2-2: Grounds into double play, 4-6-3 (Groundball, 4, EV 86.9 MPH)
|
Top of the 9th over - 0 runs, 1 hit, 0 errors, 0 left on base; Albuquerque 3 - Iowa 9 |
|